 Dungeon Crawl Stone Soup version 0.20.1-1-g8b1a95d66d (webtiles) character file.

82 Jannitor the Ducker (level 4, -8/28 HPs)
             Began as a Deep Elf Chaos Knight on Dec 19, 2017.
             Killed by divine providence
             ... invoked by an orc priest
              (10 damage)
             ... on level 3 of the Dungeon.
             The game lasted 00:03:51 (3044 turns).

Jannitor the Ducker (Deep Elf Chaos Knight)         Turns: 3044, Time: 00:03:52

Health: -8/28      AC:  5    Str: 14    XL:     4   Next: 21%
Magic:  6/6        EV: 13    Int: 18    God:    Xom [...*..]
Gold:   149        SH:  3    Dex: 12    Spells: 3/3 levels left

rFire    . . .     SeeInvis .   a - +0 short sword (chaos)
rCold    . . .     Gourm    .   (no shield)
rNeg     . . .     Faith    .   b - +2 leather armour
rPois    .         Spirit   .   (no helmet)
rElec    .         Reflect  +   (no cloak)
rCorr    .         Harm     .   (no gloves)
MR       .....                  (no boots)
Stlth    +.........             f - +3 amulet of reflection
Regen    0.1/turn               e - +5 ring of strength
MPRegen  0.1/turn               m - -2 ring of dexterity (curse)

@: no status effects
A: no striking features
a: Renounce Religion


You were on level 3 of the Dungeon.
You worshipped Xom.
You were a favourite toy of Xom.
You were near starving.

You visited 1 branch of the dungeon, and saw 3 of its levels.

You collected 149 gold pieces.

Inventory:

Hand Weapons
 a - a +0 short sword of chaos (weapon)
Armour
 b - a +2 leather armour (worn)
Jewellery
 e - a +5 ring of strength (left hand)
 f - a +3 amulet of reflection (around neck)
 j - an uncursed ring of fire
 m - a cursed -2 ring of dexterity (right hand)
 o - a cursed -2 ring of dexterity
Scrolls
 d - a scroll of recharging {unknown}
 i - a scroll of fear {unknown}
 n - 2 scrolls of amnesia {unknown}
 p - 2 scrolls of identify {unknown}
 q - a scroll of teleportation {unknown}
 s - a scroll of magic mapping {unknown}
Potions
 h - a potion of flight {unknown}
 k - a potion of lignification {unknown}
 l - a potion of haste {unknown}
Comestibles
 c - 2 bread rations
 g - 3 meat rations
 r - 2 fruits
 t - 2 royal jellies


   Skills:
 + Level 3.2 Fighting
 + Level 3.6 Short Blades
 - Level 0.8 Armour
 + Level 3.7 Dodging


You had 3 spell levels left.
You didn't know any spells.

Dungeon Overview and Level Annotations

Branches:
Dungeon (3/15)

Altars:
Elyvilon
Fedhas
Xom


Message History

An orc is nearby!
An orc comes into view. It is wielding a club.
The orc shouts!
An orc and an orc priest come into view.
The orc priest shouts!
The orc shouts!
The orc priest calls down the wrath of Beogh upon you.
Beogh smites you!
Ouch! That really hurt!
The orc completely misses you.
You are too injured to fight recklessly!
The orc priest invokes the aid of Beogh against you.
Beogh smites you!
* * * LOW HITPOINT WARNING * * *
Xom's attention turns to you for a moment.
Strange energies run through your body.
The orc priest calls down the wrath of Beogh upon you.
Beogh smites you!
You die...
Xom cackles wildly!

#o.##.##.# #.## #..##....#
#...# ...##.#..# #...#
##.##.#..# #...# #.o.....#
#...# ####.#.##
######...######
#......####.............#
......#.o.o...............
.#..#...####.oo.@.(......#
#.###..# ######...##### #.
#...# #...# # ...#.# #...#
......# #...# ###.####
##...# .. ##########...##
#.......##.###
#.#####....#####


You could see an orc priest and 2 orcs.

Vanquished Creatures
  A worker ant (D:2)
  2 adders
  A bat (shapeshifter) (D:3)
  4 giant cockroaches
  5 hobgoblins
  2 jackals (D:3)
  9 kobolds
  2 bats
  A frilled lizard (D:1)
  5 goblins
  9 rats
41 creatures vanquished.

Notes
Turn   | Place    | Note
-------+----------+-------------------------------------------
     0 | D:1      | Jannitor the Deep Elf Chaos Knight began the quest for the Orb.
     0 | D:1      | Reached XP level 1. HP: 13/13 MP: 3/3
   125 | D:1      | XOM: harmless Tmut miscast
   179 | D:1      | XOM: harmless Air miscast
   256 | D:1      | XOM: harmless Pois miscast
   311 | D:1      | Reached XP level 2. HP: 15/18 MP: 4/4
   691 | D:1      | XOM: potion effect (invisibility)
   759 | D:1      | XOM: silly message
   803 | D:1      | XOM: silly message
  1291 | D:2      | Reached XP level 3. HP: 22/22 MP: 5/5
  1301 | D:2      | Found a shimmering altar of Xom.
  1509 | D:2      | XOM: harmless Tloc miscast
  1568 | D:2      | XOM: 1-stop teleportation journey
  1936 | D:2      | XOM: 1-stop teleportation journey
  2251 | D:2      | Found a blossoming altar of Fedhas.
  2252 | D:2      | Found a white marble altar of Elyvilon.
  2339 | D:2      | XOM: mild Hex miscast
  2354 | D:2      | Noticed a killer bee
  2354 | D:2      | a hound changed into a killer bee
  2355 | D:2      | a killer bee changed into an iguana
  2357 | D:2      | Noticed a scorpion
  2357 | D:2      | an iguana changed into a scorpion
  2358 | D:2      | a scorpion changed into a jelly
  2361 | D:2      | Noticed a swamp drake
  2361 | D:2      | a jelly changed into a swamp drake
  2364 | D:2      | Noticed a porcupine
  2364 | D:2      | a swamp drake changed into a porcupine
  2366 | D:2      | Noticed a crocodile
  2366 | D:2      | a porcupine changed into a crocodile
  2367 | D:2      | Noticed a naga
  2367 | D:2      | a crocodile changed into a naga
  2368 | D:2      | a naga changed into a worm
  2425 | D:3      | Reached XP level 4. HP: 19/28 MP: 6/6
  2565 | D:3      | XOM: smoke on damage
  3042 | D:3      | XOM: harmless Tloc miscast
  3044 | D:3      | Killed from afar by an orc priest

Skill      XL: |  1  2  3 |
---------------+----------+-----
Dodging        | 3 |  3.7
Fighting       | 3 |  3.2
Short Blades   | |  3.6
Armour         | |  0.8

Action                   |  1- 3 |  4- 6 || total
-------------------------+-------+-------++-------
Melee: Short sword       |   147 |    39 ||   186
  Use: Potion            |     1 |       ||     1
 Stab: Invisible         |     1 |       ||     1
       Paralysed         |     1 |       ||     1
       Sleeping          |     1 |       ||     1
  Eat: Chunk             |     5 |       ||     5
Armor: Leather armour    |    25 |    21 ||    46
Dodge: Dodged            |    73 |    36 ||   109
Block: Other             |     8 |     7 ||    15
